 Crawl Stoat Soup version 0.23-s2-327-gedf346cc44 (webtiles) character file.

199 Artagas the Shooter (level 5, -1/55 HPs)
             Began as a High Elf Arcane Marksman on Dec 9, 2023.
             Slain by Eustachio
             ... wielding a +0 rapier
              (4 damage)
             ... on level 3 of the Dungeon on Dec 10, 2023.
             The game lasted 00:10:21 (5469 turns).

Artagas the Shooter (High Elf Arcane Marksman)      Turns: 5469, Time: 00:10:22

Health: -1/55      AC: 22    Str: 10    XL:     5   Next: 48%
Magic:  1/2        EV:  2    Int: 16    God:
Gold:   140        SH:  0    Dex: 16    Spells: 4/6 levels left

rFire    . . .     SeeInvis .   k - +2 whip (antimagic)
rCold    . . .     Gourm    .   (no shield)
rNeg     + + +     Faith    .   (armour currently unavailable)
rPois    +         Spirit   .   (helmet currently unavailable)
rElec    .         Warding  .   (cloak currently unavailable)
rCorr    .         Reflect  .   (gloves currently unavailable)
MR       .....     Harm     .   (boots currently unavailable) Stlth +.........NoTele +
                                (no amulet)
HPRegen  0.18/turn              (no ring)
MPRegen  0.08/turn              (no ring)

@: tree-form
A: no striking features
a: no special abilities


You were on level 3 of the Dungeon.
You were very hungry.
You were a tree.
You visited 1 branch of the dungeon, and saw 4 of its levels.

You collected 140 gold pieces.

Inventory:

Hand Weapons
 a - a +0 shortbow
 b - a +0 dagger of draining
   (You took it off a goblin on level 1 of the Dungeon)
 k - a +2 antimagic whip (weapon)
   (You took it off a kobold on level 1 of the Dungeon)
 x - a -1 short sword
   (You took it off Robin on level 2 of the Dungeon)
Missiles
 d - 2 arrows
 m - 3 boomerangs (quivered)
Armour
 f - a +0 robe
 h - a +0 dwarven roundshield
   (You took it off a kobold on level 1 of the Dungeon)
 i - a +0 ring mail (melded)
   (You found it on level 1 of the Dungeon)
 r - a scarf of spirit shield (melded)
   (You found it on level 3 of the Dungeon)
 t - a +0 helmet (melded)
   (You took it off Robin on level 2 of the Dungeon)
Jewellery
 l - a +5 ring of strength {unknown}
   (You found it on level 1 of the Dungeon)
 s - an uncursed amulet of guardian spirit {unknown}
   (You found it on level 2 of the Dungeon)
Scrolls
 p - a scroll of amnesia
 v - a scroll of magic mapping {unknown}
Potions
 g - a potion of flight
 j - a potion of invisibility {unknown}
 n - a potion of degeneration {unknown}
 o - 2 potions of heal wounds {unknown}
 w - a potion of brilliance {unknown}
Comestibles
 e - 2 bread rations


   Skills:
 + Level 3.7 Fighting
 + Level 1.3 Short Blades
 + Level 5.6 Bows
 - Level 2.1 Dodging
 - Level 1.2 Spellcasting
 - Level 3.0 Hexes


You had 4 spell levels left.
You knew the following spells:

 Your Spells              Type           Power        Failure   Level  Hunger
a - Slow                  Hex            10/100       10%         2    ###....

Your spell library contained the following spells:

 Spells                   Type           Power        Failure   Level  Hunger
 Beastly Appendage        Tmut           0/50         22%         1    ##.....
 Sticks to Snakes         Tmut           0/100        34%         2    ###....
 Inner Flame              Hex/Fire       5/100        36%         3    ####...
 Portal Projectile        Hex/Tloc       5/50         36%         3    ####...
 Cause Fear               Hex            10/200       54%         4    #####..
 Spider Form              Tmut/Pois      0/200        56%         3    ####...
 Leda's Liquefaction      Hex/Erth       5/200        77%         4    #####..
 Ice Form                 Ice/Tmut       0/100        92%         4    #####..
 Blade Hands              Tmut           0/200        99%         5    ######.


Dungeon Overview and Level Annotations

Branches:
Dungeon (4/15)
 Temple: D:4-7

Altars:
Fedhas
Nemelex Xobeh
Zin
The Shining One

Annotations:
D:3 Eustachio


Message History

Wield which item (- for none, * to show all)? (? for menu, Esc to quit)
You sense an unholy aura.
b - a +0 dagger of draining (weapon)
You hit Eustachio. You drain Eustachio!
Eustachio is moderately wounded.
Eustachio misses you.
You hit Eustachio.
Eustachio is heavily wounded.
Eustachio falters for a moment.
You barely miss Eustachio.
Eustachio is heavily wounded.
Eustachio barely misses you.
You hit Eustachio. You drain Eustachio!
Eustachio is heavily wounded.
Eustachio hits you with a rapier!
You hit Eustachio but do no damage.
Eustachio is heavily wounded.
Wield which item (- for none, * to show all)? (? for menu, Esc to quit)
You feel magic leave you.
k - a +2 antimagic whip (weapon)
Eustachio hits you but does no damage.
You hit Eustachio.
Eustachio's magic leaks into the air.
Eustachio is severely wounded.
Eustachio barely misses you.
You barely miss Eustachio.
Eustachio is severely wounded.
Eustachio gestures wildly while chanting.
You closely miss Eustachio.
Eustachio is severely wounded.
The bat hits you. The bat closely misses you.
Eustachio hits you but does no damage.
You miss Eustachio.
Eustachio is severely wounded.
The bat hits you but does no damage. The bat misses you.
The weasel barely misses you. Eustachio hits you with a rapier.
The bat hits you but does no damage. The weasel barely misses you.
Eustachio gestures wildly while chanting.
The bat hits you but does no damage.
You climb downwards.
The bat disappears in a puff of smoke! x2
The weasel disappears in a puff of smoke!
The ufetubus disappears in a puff of smoke!
There is a stone staircase leading up, spattered with blood here.
You closely miss Eustachio.
Eustachio is severely wounded.
Eustachio hits you but does no damage.
You hit Eustachio.
Eustachio's magic leaks into the air.
Eustachio is severely wounded.
Eustachio falters for a moment.
You completely miss Eustachio.
Eustachio is severely wounded.
Eustachio hits you but does no damage.
You hit Eustachio.
Eustachio's magic leaks into the air.
Eustachio is almost dead.
Eustachio closely misses you.
You closely miss Eustachio.
Eustachio is almost dead.
Eustachio hits you with a rapier.
* * * LOW HITPOINT WARNING * * *
You hit Eustachio.
Eustachio's magic leaks into the air.
Eustachio is almost dead.
Eustachio misses you.
You hit Eustachio but do no damage.
Eustachio is almost dead.
Eustachio hits you with a rapier.
* * * LOW HITPOINT WARNING * * *
Your magical contamination has completely faded away.
You completely miss Eustachio.
Eustachio is almost dead.
Eustachio mumbles some strange words.
You barely miss Eustachio.
Eustachio is almost dead.
Eustachio hits you with a rapier.
* * * LOW HITPOINT WARNING * * *
Eustachio hits you but does no damage.
You climb upwards.
The weasel disappears in a puff of smoke!
There is a stone staircase leading down, spattered with blood here.
Wield which item (- for none, * to show all)? (? for menu, Esc to quit)
You feel magic returning to you.
a - a +0 shortbow (weapon)
Eustachio falters for a moment.
Firing (i - inventory) (/) - cycle)
d - 3 arrows (quivered)
Press: ? - help, Shift-Dir - straight line, f - Eustachio
Aim: Eustachio, wielding a rapier and wearing a leather armour (almost dead, heavily drained)
You shoot an arrow. The arrow barely misses Eustachio.
Eustachio hits you with a rapier.
* * * LOW HITPOINT WARNING * * *
You turn into a tree.
Your scarf of spirit shield melds into your body.
Your +0 helmet melds into your body.
Your +0 ring mail melds into your body.
You feel strangely alone.
Your roots penetrate the ground.
Eustachio growls, "To hell with you, honourless miscreant!"
Eustachio hits you but does no damage.
Wield which item (- for none, * to show all)? (? for menu, Esc to quit)
You feel magic leave you.
k - a +2 antimagic whip (weapon)
You closely miss Eustachio.
Eustachio is almost dead.
Eustachio hits you with a rapier.
You die...

#.#.# #.....# #.#(# #.#####
#...####### #.#
############........# #.#
#........)..(.#####.# #.#
#.##########(.# #.# #.# #.#
#######..### #.# #.#
#.####........@.# #.# #.#####
#.#...(...((.♣#.# #.# #.#....
#.#.##.#####.##.###.####.#.###
#.#.......##.##.##............
#.#.#####.##.......#.#########
#.#.# #.#####.##.#.# # #.#.#
#..# #.##.#.# # #.#.# #..#
#.##.#.#########
#...#####..####.##............
##..............##.#.#########


You could see Eustachio.

Vanquished Creatures
  A scorpion (D:4)
  A worker ant (D:2)
  Robin (D:2)
  2 adders
  An ooze (D:3)
  An adder skeleton (D:4)
  3 worms
  3 leopard geckos
  5 orcs (D:3)
  6 bats
  3 giant cockroaches
  19 goblins
  5 hobgoblins
  3 jackals (D:3)
  4 weasels
  A ball python (D:3)
  5 frilled lizards
  6 kobolds
  7 rats
77 creatures vanquished.

Notes
Turn   | Place    | Note
-------+----------+-------------------------------------------
     0 | D:1      | Artagas the High Elf Arcane Marksman began the quest for
                  | the Orb.
     0 | D:1      | Reached XP level 1. HP: 13/13 MP: 3/3
    78 | D:1      | Reached skill level 3 in Bows
   171 | D:1      | Reached XP level 2. HP: 18/18 MP: 4/4
  1088 | D:1      | Reached skill level 2 in Fighting
  1094 | D:1      | Learned a level 2 spell: Slow
  1312 | D:2      | Reached XP level 3. HP: 23/24 MP: 1/5
  1374 | D:2      | Found a glowing silver altar of Zin.
  1374 | D:2      | Found a blossoming altar of Fedhas.
  1386 | D:2      | Reached skill level 4 in Bows
  1386 | D:2      | Noticed Robin
  1393 | D:2      | Killed Robin
  1937 | D:2      | Reached XP level 4. HP: 30/30 MP: 6/6
  2013 | D:2      | Found a glowing golden altar of the Shining One.
  2292 | D:2      | Found a sparkling altar of Nemelex Xobeh.
  2692 | D:3      | Reached skill level 3 in Fighting
  3718 | D:3      | Reached skill level 5 in Bows
  4164 | D:2      | Reached XP level 5. HP: 31/36 MP: 4/7
  4717 | D:4      | Reached skill level 1 in Short Blades
  4992 | D:4      | Noticed Eustachio
  5466 | D:3      | HP: 1/37 [Eustachio/rapier (5)]
  5469 | D:3      | Slain by Eustachio

Vault maps used:
D:1:      wander_arrival_peaceful_grave
D:2:      nicolae_tso_carved_into_rock, gammafunk_temple_overflow_wave,
          nemelex_xobeh_ov_fountains_minmay, uniq_robin
D:4:      minmay_temple_entry_wispy, uniq_purgy, uniq_ijyb, uniq_eustachio

Skill      XL: |  1  2  3  4  5 |
---------------+----------------+-----
Bows           | 3 4 5 |  5.6
Fighting       | 2 3 |  3.7
Short Blades   | 1 |  1.3
Dodging        | |  2.1
Spellcasting   | |  1.2
Hexes          | |  3.0

Action                   |  1- 3 |  4- 6 || total
-------------------------+-------+-------++-------
Melee: Whip              |    48 |   102 ||   150
       Dagger            |       |    71 ||    71
       Short sword       |       |     4 ||     4
 Fire: Shortbow          |    60 |    51 ||   111
Throw: Boomerang         |       |    10 ||    10
 Cast: Slow              |       |     1 ||     1
  Use: Scroll            |       |     7 ||     7
       Potion            |       |     3 ||     3
  Eat: Chunk             |     3 |     5 ||     8
       Meat ration       |       |     1 ||     1
Armor: Ring mail         |    13 |   107 ||   120
       Robe              |     4 |       ||     4
       Skin              |       |     1 ||     1
Dodge: Dodged            |    51 |   154 ||   205

Table legend:
 A = Spawn XP
 B = Non-spawn XP
 C = Spawn XP percentage of total XP
 D = Spawn monster count
 E = Non-spawn monster count
 F = Spawn count percentage of total count
 G = Total turns spent on level
                    A         B        C        D         E        F      G
               +---------+---------+-------+---------+---------+-------+---------
         Total |      57 |     228 |  20.0 |      12 |      65 |  15.6 |  5469
               +---------+---------+-------+---------+---------+-------+---------
           D:1 |       6 |      30 |  16.7 |       4 |      18 |  18.2 |  1238
           D:2 |      42 |      71 |  37.2 |       5 |      24 |  17.2 |  1759
           D:3 |       9 |      42 |  17.6 |       3 |      20 |  13.0 |  1747
           D:4 |       0 |      85 |   0.0 |       0 |       3 |   0.0 |   725
               +---------+---------+-------+---------+---------+-------+---------

Vault maps used:
D:1:      wander_arrival_peaceful_grave
D:2:      nicolae_tso_carved_into_rock, gammafunk_temple_overflow_wave,
          nemelex_xobeh_ov_fountains_minmay, uniq_robin
D:4:      minmay_temple_entry_wispy, uniq_purgy, uniq_ijyb, uniq_eustachio

Table legend:
 A = Turns spent in this place as a percentage of turns spent in the entire game.
 B = Non-inter-level travel turns spent in this place as a percentage of non-inter-level travel turns spent in the entire game.
 C = Inter-level travel turns spent in this place as a percentage of turns spent in this place.
 D = Turns resting spent in this place as a percentage of non-inter-level travel turns spent in this place.
 E = Turns spent auto-exploring this place as a percentage of non-inter-level travel turns spent in this place.
 F = Non-inter-level travel turns spent in this place divided by the number of levels of this place that you've seen.
                   A       B       C       D       E      F
               +-------+-------+-------+-------+-------+----------------------
         Total | 100.0 | 100.0 |   3.0 |  27.3 |  55.1 | 1326.8
       Dungeon | 100.0 | 100.0 |   3.0 |  27.3 |  55.1 | 1326.8
               +-------+-------+-------+-------+-------+----------------------

Table legend:
 A = Kills in this place as a percentage of kills in entire the game.
 B = Kills by you in this place as a percentage of kills by you in the entire game.
 C = Kills by friends in this place as a percentage of kills by friends in the entire game.
 D = Other kills in this place as a percentage of other kills in the entire game.
 E = Experience gained in this place as a percentage of experience gained in the entire game.
 F = Experience gained in this place divided by the number of levels of this place that you have seen.
                   A       B       C       D       E      F
               +-------+-------+-------+-------+-------+----------------------
         Total | 100.0 | 100.0 |   N/A |   N/A | 100.0 |  71.2
       Dungeon | 100.0 | 100.0 |   N/A |   N/A | 100.0 |  71.2
               +-------+-------+-------+-------+-------+----------------------
